 Dungeon Crawl Stone Soup version 0.30.1-11-g7821555f0a (webtiles) character file.

Game seed: 18054627812485245242

16 ChrisAssaf the Grave Robber (level 2, -3/28 HPs)
             Began as a Human Necromancer on Dec 20, 2023.
             Frozen to death by an endoplasm (5 damage)
             ... on level 2 of the Dungeon.
             The game lasted 00:01:36 (349 turns).

ChrisAssaf the Grave Robber (Human Necromancer)      Turns: 349, Time: 00:01:37

Health: -3/28      AC: 21    Str:  8    XL:     2   Next: 70%
Magic:  2/5        EV:  2    Int: 15    God:
Gold:   35         SH:  0    Dex: 13    Spells: 4/5 levels left

rFire   . . .        c - +0 dagger
rCold   . . .        (no shield)
rNeg    . . .        a - melded +0 robe
rPois   +            (helmet currently unavailable)
rElec   .            (cloak currently unavailable)
rCorr   .            (gloves currently unavailable)
SInv    .            (boots currently unavailable)
Will    .....        (no amulet)
Stlth   ++           (no ring)
HPRegen 0.24/turn    (no ring)
MPRegen 0.09/turn

%: no passive effects
@: tree-form (expiring)
A: stationary, stasis, torment immunity, boosted hp
a: no special abilities


You were on level 2 of the Dungeon.
You were a tree.
You visited 1 branch of the dungeon, and saw 2 of its levels.

You collected 35 gold pieces.

Inventory:

Hand Weapons
 c - a +0 dagger (weapon)
Armour
 a - a +0 robe (melded)
Potions
 b - a potion of magic


   Skills:
 * Level 0.1 Fighting
 * Level 0.3 Armour
 * Level 2.1 Dodging
 * Level 2.0 Stealth
 * Level 2.2 Spellcasting
 * Level 4.3 Necromancy


You had 4 spell levels left.
You knew the following spells:

 Your Spells              Type           Power      Damage    Failure   Level
a - Necrotise             Necr           56%        1d6       3%          1

Your spell library contained the following spells:

 Spells                   Type           Power      Damage    Failure   Level
 Vampiric Draining        Necr           14%        2d7       11%         3
 Apportation              Tloc           2%         N/A       22%         1
 Summon Small Mammal      Summ           4%         N/A       22%         1
 Animate Dead             Necr           14%        N/A       36%         4
 Agony                    Necr           14%        N/A       71%         5
 Alistair's Intoxication  Tmut/Pois      0%         N/A       99%         5


Dungeon Overview and Level Annotations

Branches:
Dungeon (2/15)

Altars:


Message History

Press: ? - help, Q - select action Shift-Dir - straight line, f - jackal
Aim: a jackal (chance to affect: 84%)
The jackal writhes in agony.
The jackal bites you but does no damage. x2
Unknown command.
Aiming: Necrotise (safe; 3% risk of failure)
Press: ? - help, Q - select action Shift-Dir - straight line, f/p - jackal
Aim: a jackal (moderately wounded, ally target, chance to affect: 84%)
The jackal writhes in agony.
Your jackal skeleton bites the jackal but does no damage.
The jackal bites you but does no damage.
You closely miss the jackal.
The jackal is almost dead.
Your jackal skeleton barely misses the jackal.
The jackal bites you but does no damage.
The endoplasm hits your jackal skeleton.
Your jackal skeleton bites the endoplasm but does no damage.
You closely miss the jackal.
The jackal is almost dead.
The jackal barely misses you.
The jackal bites you but does no damage.
Your jackal skeleton completely misses the endoplasm.
The endoplasm hits your jackal skeleton.
You hit the jackal.
You kill the jackal!
Your transformation is almost over.
Your jackal skeleton crumbles into dust!
You hit the endoplasm.
The endoplasm is moderately wounded.
The endoplasm freezes you.
You are frozen.
* * * LOW HITPOINT WARNING * * *
Unknown command.
Aiming: Necrotise (safe; 3% risk of failure)
Press: ? - help, Q - select action Shift-Dir - straight line, f - endoplasm
Aim: an endoplasm (moderately wounded, chance to affect: 84%)
The endoplasm barely resists.
The endoplasm freezes you.
You are frozen.
You die...

#.##.### #......# #..#
. #..#.#.## #..###.##
........# ........#
#..#.#..# #..##....
........# ####.......
####.##.# #.........
##.##.####...†J##
#............†♣.#
#.###.####..###.......
#. #.# #..# ####### ..
#.# #..# .#. #.# #..#
.... #.# #..# # ## #..
.... ### ####


You could see an endoplasm.

Vanquished Creatures
  A bat (D:1)
  2 goblins (D:1)
  3 jackals (D:2)
  A ball python (D:1)
  2 kobolds (D:1)
  2 rats
11 creatures vanquished.

Vanquished Creatures (collateral kills)
  2 jackals (D:2)
  A ball python (D:1)
  A frilled lizard (D:1)
4 creatures vanquished.

Grand Total: 15 creatures vanquished

Notes
Turn   | Place    | Note
-------+----------+-------------------------------------------
     0 | D:1      | ChrisAssaf the Human Necromancer began the quest for the
                  | Orb.
     0 | D:1      | Reached XP level 1. HP: 13/13 MP: 3/3
   162 | D:1      | Reached XP level 2. HP: 15/19 MP: 0/5
   349 | D:2      | Frozen to death by an endoplasm

Illustrated notes

Levels and vault maps discovered:
D:1:      heliophobic_arrival_glass_houses, layout_basic
D:2:      layout_loops_ring

Action                     || total
---------------------------++-------
  Melee: Dagger            ||    39
   Cast: Necrotise         ||    15
    Use: Scroll            ||     1
         Potion            ||     1
 Armour: Robe              ||     8
         Skin              ||    25
  Dodge: Dodged            ||    31
